 Dungeon Crawl Stone Soup version 0.21-a0-471-gd587bd5 (webtiles) character file.

331 mortelune the Cudgeler (level 6, 0/39 HPs)
             Began as a Gargoyle Fighter on Nov 22, 2017.
             Slain by a worm (6 damage)
             ... on level 4 of the Dungeon.
             The game lasted 00:18:13 (3176 turns).

mortelune the Cudgeler (Gargoyle Fighter)           Turns: 3176, Time: 00:18:14

Health: 0/39       AC: 11    Str: 21    XL:     6   Next: 52%
Magic:  0/6        EV:  9    Int:  9    God:
Gold:   126        SH:  9    Dex:  9    Spells: 5/5 levels left

rFire    . . .     SeeInvis .   a - +0 flail
rCold    . . .     Gourm    .   c - +0 shield
rNeg     + . .     Faith    .   b - +0 scale mail
rPois    ∞         Spirit   +   (no helmet)
rElec    +         Reflect  .   (no cloak)
rCorr    .         Harm     .   (no gloves)
MR       .....                  (no boots)
Stlth    ..........             u - amulet of guardian spirit
HPRegen  0.13/turn              g - +2 ring of evasion
MPRegen  0.10/turn              (no ring)

@: berserk cooldown, very slightly contaminated, slowed, invisible (expiring),
very slow
A: negative energy resistance 1, electricity resistance, unbreathing,
petrification resistance, rot immunity, AC +4
a: no special abilities


You were on level 4 of the Dungeon.
You were very hungry.

You visited 1 branch of the dungeon, and saw 4 of its levels.

You collected 126 gold pieces.

Inventory:

Hand Weapons
 a - a +0 flail (weapon)
Armour
 b - a +0 scale mail (worn)
 c - a +0 shield (worn)
Jewellery
 g - a +2 ring of evasion (left hand)
 u - an amulet of guardian spirit (around neck)
Scrolls
 e - a scroll of teleportation
 i - a scroll of noise
 j - a scroll of amnesia
Potions
 d - 2 potions of might
 k - a potion of degeneration
 m - a potion of ambrosia
 n - 2 potions of flight
 s - a potion of curing {unknown}
 z - a potion of heal wounds {unknown}
Comestibles
 f - 3 bread rations
 h - a meat ration
 t - a royal jelly
 w - 3 fruits


   Skills:
 + Level 4.7 Fighting
 * Level 4.9 Maces & Flails
 + Level 4.8 Armour
 - Level 3.2 Shields


You had 5 spell levels left.
You didn't know any spells.

Dungeon Overview and Level Annotations

Branches:
Dungeon (4/15)
 Temple: D:4-7

Altars:
Elyvilon
Fedhas
Kikubaaqudgha
Okawaru
Zin
The Shining One

Portals:
Sewer: D:4


Innate Abilities, Weirdness & Mutations

You are resistant to torment.
Your stone body is resilient. (AC +4)
You are immune to poison.
You resist negative energy. (rN+)
You are resistant to electric shocks. (rElec)
You can survive without breathing.
You are immune to petrification.
You are immune to rotting.


Message History

You block the hound's attack. The hound misses you.
You block the worm's attack. The hound barely misses you.
The worm barely misses you.
You fade into invisibility!
You block the hound's attack. x2
You are very lightly contaminated with residual magic.
You enter the shallow water.
Moving in this stuff is going to be slow. ...and don't expect to remain undetected.
The hound bites you but does no damage. You block the hound's attack.
The worm closely misses you. The hound closely misses you.
The hound splashes around in the water.
You block the hound's attack. The hound closely misses you.
The hound bites you but does no damage. You block the hound's attack.
The hound bites you but does no damage.
The worm splashes around in the water.
You flicker for a moment.
The hound bites you.
* * * LOW HITPOINT WARNING * * *
The hound bites you but does no damage. The worm bites you!
You die...

... ##.#.#.#..# #.# ....
......#..# #+# #.#
....###.#......# #.# #.#
.......#......# #.# #.#
............###.# #.#
##..#...#......###.#
#)))≈≈≈≈≈..).....<.#
#.#≈wh≈≈≈≈#.##.###[#
#..≈≈@≈≈≈≈≈.##.###.###
#...≈≈≈∩≈≈≈......§..o§.
....≈≈≈≈≈≈≈≈............
.....#≈≈≈≈≈≈≈#.##.###.###
.###...≈≈≈≈≈..$##.# #.#
.. ....#..≈#..###.# #.#
#. #..........## #+# #.#
....#.#..### #.# .. #.#


You could see a worm and a hound.

Vanquished Creatures
  The ghost of Salmacis the Chopper, an amateur FoFi of Hepliaklqana (D:4)
  An orc priest (D:3)
  An orc wizard (D:3)
  5 adders
  2 adder skeletons (D:2)
  3 worms (D:2)
  A dart slug (D:1)
  2 leopard geckos (D:1)
  10 orcs
  A ball python (D:3)
  8 bats
  2 bat skeletons (D:2)
  8 giant cockroaches
  5 goblins
  9 hobgoblins
  2 quokkas
  A ball python zombie (D:2)
  4 frilled lizards (D:1)
  A giant cockroach zombie (D:2)
  7 kobolds
  A leopard gecko skeleton (D:2)
  6 rats
81 creatures vanquished.

Notes
Turn   | Place    | Note
-------+----------+-------------------------------------------
     0 | D:1      | mortelune the Gargoyle Fighter began the quest for the Orb.
     0 | D:1      | Reached XP level 1. HP: 14/14 MP: 1/1
   200 | D:1      | Reached XP level 2. HP: 19/19 MP: 2/2
   638 | D:1      | Reached XP level 3. HP: 18/23 MP: 3/3
   916 | D:2      | Found an ancient bone altar of Kikubaaqudgha.
   978 | D:2      | Found a blossoming altar of Fedhas.
  1070 | D:2      | Reached XP level 4. HP: 26/29 MP: 4/4
  2074 | D:3      | Found an iron altar of Okawaru.
  2151 | D:3      | Found a glowing silver altar of Zin.
  2151 | D:3      | Found a white marble altar of Elyvilon.
  2152 | D:3      | Found a glowing golden altar of the Shining One.
  2283 | D:3      | Reached XP level 5. HP: 32/33 MP: 5/5
  3049 | D:4      | Found a glowing drain.
  3052 | D:4      | Noticed Salmacis's ghost (amateur FoFi)
  3147 | D:4      | Killed Salmacis's ghost
  3147 | D:4      | Reached XP level 6. HP: 31/39 MP: 2/6
  3176 | D:4      | Slain by a worm

Vault maps used:
D:1:      zelgadis_glass_arrival_small
D:2:      nicolae_overflow_crystal_walls, fedhas_altar_2, serial_undead,
          serial_undead_c, serial_undead_e, serial_undead_a, serial_undead_f
D:3:      good_gods_mini_temple, okawaru_metal_pillars_3, first_bread
D:4:      cheibrodos_sewer_entry_drain

Skill      XL: |  1  2  3  4  5 |
---------------+----------------+-----
Maces & Flails | 3 4 |  4.9
Armour         | 4 |  4.8
Fighting       | 4 |  4.7
Shields        | |  3.2

Action                   |  1- 3 |  4- 6 || total
-------------------------+-------+-------++-------
Melee: Flail             |   119 |   246 ||   365
  Use: Scroll            |       |    11 ||    11
       Potion            |       |     2 ||     2
  Eat: Chunk             |     1 |     6 ||     7
Armor: Scale mail        |    60 |   191 ||   251
Dodge: Dodged            |    31 |   136 ||   167
Block: Shield            |    62 |   203 ||   265

Table legend:
 A = Spawn XP
 B = Non-spawn XP
 C = Spawn XP percentage of total XP
 D = Spawn monster count
 E = Non-spawn monster count
 F = Spawn count percentage of total count
 G = Total turns spent on level
                    A         B        C        D         E        F      G
               +---------+---------+-------+---------+---------+-------+---------
         Total |       0 |     474 |   0.0 |       0 |      81 |   0.0 |  3176
               +---------+---------+-------+---------+---------+-------+---------
           D:1 |       0 |      40 |   0.0 |       0 |      23 |   0.0 |   867
           D:2 |       0 |     104 |   0.0 |       0 |      26 |   0.0 |  1175
           D:3 |       0 |     137 |   0.0 |       0 |      24 |   0.0 |  1043
           D:4 |       0 |     193 |   0.0 |       0 |       8 |   0.0 |    91
               +---------+---------+-------+---------+---------+-------+---------
